 Dungeon Crawl Stone Soup version 0.29.1-2-gbd0b4ee654 (webtiles) character file.

Game seed: 11968153471800939910

104 qeuew the Shooter (level 5, 0/40 HPs)
             Began as a Formicid Hunter on Nov 7, 2022.
             Slain by a gnoll
             ... wielding a +0 halberd
              (5 damage)
             ... on level 2 of the Dungeon.
             The game lasted 00:04:06 (2045 turns).

qeuew the Shooter (Formicid Hunter)                 Turns: 2045, Time: 00:04:07

Health: 0/40       AC:  6    Str: 16    XL:     5   Next: 7%
Magic:  5/5        EV: 11    Int:  8    God:
Gold:   105        SH:  0    Dex: 19    Spells: 4/4 levels left

rFire   . . .      SeeInvis +   g - +0 long sword
rCold   . . .      Faith    .   (no shield)
rNeg    . . .      Spirit   .   b - +0 ring mail
rPois   .          Reflect  .   (helmet unavailable)
rElec   .          Harm     .   f - +0 cloak {Stlth+}
rCorr   .          Rampage  .   (no gloves)
Will    .....                   (no boots)
Stlth   +++.......              (no amulet)
HPRegen 0.13/turn               (no ring)
MPRegen 0.09/turn               (no ring)

@: no status effects
A: permanent stasis, dig shafts and tunnels, antennae 3, four strong arms
a: Dig, Shaft Self


You were on level 2 of the Dungeon.
You visited 1 branch of the dungeon, and saw 3 of its levels.

You collected 105 gold pieces.

Inventory:

Hand Weapons
 a - a +0 shortbow
 g - a +0 long sword (weapon)
Armour
 b - a +0 ring mail (worn)
 f - a +0 cloak of stealth (worn)
Scrolls
 c - a scroll of identify


   Skills:
 * Level 2.8 Fighting
 * Level 1.0 Long Blades
 + Level 4.7 Ranged Weapons
 * Level 1.8 Armour
 * Level 2.1 Dodging
 * Level 2.3 Stealth


You had 4 spell levels left.
You didn't know any spells.
Your spell library contained the following spells:

 Spells                   Type           Power      Damage    Failure   Level
 Ozocubu's Armour         Ice            0%         N/A       94%         3
 Metabolic Englaciation   Hex/Ice        0%         N/A       100%        5
 Simulacrum               Ice/Necr       0%         N/A       100%        6


Dungeon Overview and Level Annotations

Branches:
Dungeon (3/15)

Altars:

Shops:
D:3 (


Innate Abilities, Weirdness & Mutations

You cannot be hasted, slowed, berserked, paralysed or teleported.
You can dig through walls and to a lower floor.
You have a pair of large antennae on your head. (SInv)
Your four strong arms can wield two-handed weapons with a shield.


Message History

You shoot an arrow.
The arrow hits the worm but does no damage.
The worm is severely wounded.
The worm completely misses you.
g - a +0 long sword (weapon)
The gnoll shouts!
The gnoll hits you but does no damage.
You closely miss the gnoll. The gnoll barely misses you.
You hit the gnoll.
The gnoll is moderately wounded.
The gnoll misses you. The worm closely misses you.
You closely miss the gnoll.
The gnoll is moderately wounded.
The gnoll barely misses you. The worm bites you.
The gnoll closely misses you. x2
The gnoll hits you with a +0 spear. The gnoll barely misses you.
You closely miss the gnoll. The gnoll hits you but does no damage.
The gnoll barely misses you. The worm bites you.
You hit the gnoll.
The gnoll is heavily wounded.
The gnoll hits you but does no damage. The gnoll barely misses you.
A ball python comes into view.
The gnoll completely misses you.
The gnoll hits you from afar with a +0 spear.
The gnoll hits you with a +0 halberd.
The ball python hisses angrily.
You hit the gnoll.
The gnoll is severely wounded.
The worm bites you!
* * * LOW HITPOINT WARNING * * *
The gnoll hits you with a +0 spear.
* * * LOW HITPOINT WARNING * * *
The gnoll closely misses you. The gnoll barely misses you.
Unknown command.
Okay, then.
You hit the gnoll.
The gnoll is severely wounded.
The gnoll hits you with a +0 spear.
* * * LOW HITPOINT WARNING * * *
The gnoll hits you with a +0 halberd.
You die...

#.############ ########.#.#
####.......{ .>.......#.#
........####################.#
{
........'....................#
........#...##################
...PP.PP#...#######
##PPP~P.~...S...).#
..~P~~~P~.......g.###
..P~~≈♣~......g.@w'.#
.PP♣♣♣♣~PP.......g#.#
~P~≈≈♣~~~~........#.#
P~♣♣♣P♣♣~P........#.#
.♣♣~PPPP♣PP.......#.#
P~♣PP~PP~♣~P......#.#{
P♣~PPP#P~~PP......#.#{
~~~P.##.~~~PP.#####.#
P~~...##~~♣PP..#


You could see a worm, 3 gnolls and a ball python.

Vanquished Creatures
  An orc priest (D:3)
  An orc wizard (D:3)
  2 gnolls
  An orc (D:3)
  3 bats
  2 endoplasms (D:1)
  3 giant cockroaches
  3 goblins
  2 hobgoblins
  2 ball pythons (D:1)
  A frilled lizard (D:3)
  8 kobolds
  2 rats
31 creatures vanquished.

Vanquished Creatures (others)
  2 plants (D:2)
2 creatures vanquished.

Grand Total: 33 creatures vanquished

Notes
Turn   | Place    | Note
-------+----------+-------------------------------------------
     0 | D:1      | qeuew the Formicid Hunter began the quest for the Orb.
     0 | D:1      | Reached XP level 1. HP: 16/16 MP: 1/1
   407 | D:1      | Reached XP level 2. HP: 22/22 MP: 2/2
   636 | D:1      | Noticed a golden eye
   639 | D:1      | Found a faded altar of an unknown god.
   641 | D:1      | Noticed a shining eye
   641 | D:1      | Noticed a shining eye
   641 | D:1      | Noticed a floating eye
   834 | D:1      | Reached XP level 3. HP: 16/28 MP: 3/3
  1450 | D:2      | Reached skill level 1 in Armour
  1469 | D:2      | You fall into a shaft and drop 1 floor!
  1851 | D:3      | Found Ibuatauhasi's Weapon Shop.
  1874 | D:3      | Reached XP level 4. HP: 34/34 MP: 4/4
  1894 | D:3      | Reached skill level 1 in Long Blades
  1894 | D:3      | Reached XP level 5. HP: 26/40 MP: 5/5
  2045 | D:2      | Slain by a gnoll

Illustrated notes

Levels and vault maps discovered:
D:1:      lemuel_arrival_funnel, layout_loops_cross,
          hellmonk_ecumenical_altar_watching_god, serial_rivers,
          chequers_serial_rivers_micro_d, chequers_serial_rivers_marsh,
          chequers_serial_rivers_small_3, chequers_serial_rivers_micro_b,
          chequers_serial_rivers_large_b, chequers_serial_rivers_room_a,
          minmay_misc_feat_square
D:2:      layout_basic, minmay_crystal_water, serial_bayou_lagoon_a,
          nicolae_titane, uniq_jessica
D:3:      layout_basic, serial_shops, nicolae_shop_trees, kennysheep_orc_chapel

Skill      XL: |  1  2  3  4 |
---------------+-------------+-----
Armour         | 1 |  1.8
Dodging        | 2 |  2.1
Stealth        | 2 |  2.3
Long Blades    | 1 |  1.0
Fighting       | |  2.8
Ranged Weapons | |  4.7

Action                   |  1- 3 |  4- 6 || total
-------------------------+-------+-------++-------
Melee: Long sword        |    21 |    14 ||    35
       Punch             |     1 |       ||     1
 Fire: Shortbow          |    68 |    11 ||    79
 Abil: Dig               |     3 |       ||     3
       Shaft Self        |     1 |       ||     1
  Use: Scroll            |     3 |       ||     3
       Potion            |     1 |       ||     1
Armor: Leather armour    |    16 |       ||    16
       Ring mail         |     6 |     4 ||    10
Dodge: Dodged            |    45 |    16 ||    61
